 Dungeon Crawl Stone Soup version 0.18.1-47-g9310371 (webtiles) character file.

273 dvd the Shield-Bearer (level 6, -3/56 HPs)
             Began as a Deep Dwarf Fighter on June 16, 2016.
             Was an Initiate of Pakellas.
             Slain by an ogre
             ... wielding a +0 giant club
              (20 damage)
             ... on level 4 of the Dungeon.
             The game lasted 00:06:23 (2120 turns).

dvd the Shield-Bearer (Deep Dwarf Fighter)          Turns: 2120, Time: 00:06:23

Health: -3/56      AC:  8    Str: 20    XL:     6   Next: 3%
Magic:  6/6        EV:  8    Int:  9    God:    Pakellas [......]
Gold:   143        SH: 10    Dex: 13    Spells: 0 memorised, 5 levels left

rFire  . . .     SeeInvis .     a - +0 war axe
rCold  . . .     Gourm    .     b - +0 scale mail
rNeg   . . .     Faith    .     c - +0 shield
rPois  .         Spirit   .     (no helmet)
rElec  .         Dismiss  .     (no cloak)
rCorr  .         Reflect  .     t - +0 pair of gloves
SustAt .         Harm     .     (no boots)
MR     .....                    (no amulet)
Stlth  ..........               (no ring)
                                (no ring)

@: non-regenerating, not resistant to hostile enchantments, extremely unstealthy
A: damage resistance, recharge devices, sense surroundings 1, slow regeneration
3
a: Device Recharging, Renounce Religion


You were on level 4 of the Dungeon.
You worshipped Pakellas.
Pakellas was noncommittal.
You were not hungry.

You visited 2 branches of the dungeon, and saw 5 of its levels.

You collected 143 gold pieces.

Inventory:

Hand Weapons
 a - a +0 war axe (weapon)
Missiles
 o - 6 exploding tomahawks (quivered)
Armour
 b - a +0 scale mail (worn)
 c - a +0 shield (worn)
 t - a +0 pair of gloves (worn)
Wands
 e - a wand of heal wounds (2/9)
Scrolls
 g - a scroll of recharging {unknown}
 h - 2 scrolls of remove curse {unknown}
 i - 4 scrolls of teleportation {unknown}
 j - a scroll of fear {unknown}
 k - a scroll of fog {unknown}
 l - 2 scrolls of identify {unknown}
 m - 2 scrolls of noise {unknown}
 p - 2 scrolls of enchant armour {unknown}
 s - a scroll of amnesia {unknown}
 u - 2 scrolls of blinking {unknown}
Potions
 d - a potion of might
 n - 2 potions of flight {unknown}
 r - a potion of degeneration {unknown}
 v - a potion of lignification {unknown}
Comestibles
 f - 4 bread rations
 q - 3 chunks of flesh
 w - a slice of pizza


   Skills:
 + Level 3.4 Fighting
 + Level 3.3 Axes
 + Level 4.5 Armour
 + Level 2.0 Dodging
 + Level 0.3 Stealth
 + Level 5.0 Shields


You had 5 spell levels left.
You didn't know any spells.

Dungeon Overview and Level Annotations

Branches:
Dungeon (4/15)             Temple (1/1) D:4

Altars:
Ashenzari
Cheibriados
Dithmenos
Gozag
Kikubaaqudgha
Makhleb
Nemelex Xobeh
Okawaru
Pakellas
Qazlal
Ru
Sif Muna
Trog
Vehumet
Xom
Yredelemnul
Zin
The Shining One

Shops:
D:2 *


Innate Abilities, Weirdness & Mutations

You are resistant to damage.
You can recharge devices by infusing magical energy.
You passively map a small area around you.
You do not regenerate naturally.


Message History

You feel much better.
This wand has 2 charges left.
You block the ogre's attack.
Unknown command.
You hit the ogre.
The ogre is lightly wounded.
The ogre barely misses you.
The phantom blinks!
You barely miss the ogre.
The ogre is lightly wounded.
The ogre hits you with a giant club!!
You hit the ogre.
The ogre is moderately wounded.
The ogre hits you with a giant club.
You hit the ogre but do no damage.
The ogre is moderately wounded.
The ogre hits you but does no damage. The ogre hits you with a giant club!
You barely miss the ogre.
The ogre is moderately wounded.
The ogre hits you with a giant club!!
You die...
Pakellas says: That's one more possible approach eliminated.

*. . ,* * ,. # .... , .
.. , ,.#. * .#. * , ..#
#.. , * *.#.###.# , , #
#.#..W# # * .# ,#.#.#.>.#
#.##..#*.#
#.#.#O..#.#.#...##.# *
,#.#@###.#.#.......#
#..#..?#..#....#..#
#...#..###..#....<#..#
#....##...##.........#
........###....#..##)###
#.#.##.......####...))...
# # #.####...###.###)###
, #......#รท...........
#.##.#....##.###.###


You could see a phantom and an ogre.

Vanquished Creatures
  An orc priest (D:4)
  A centaur skeleton (D:3)
  2 hounds
  An iguana (D:4)
  4 adders
  A worm (D:3)
  A dart slug (D:3)
  2 giant geckos
  4 orcs
  5 bats (D:1)
  2 giant cockroaches
  6 goblins
  4 hobgoblins
  8 jackals
  8 kobolds
  A quokka (D:3)
  2 giant newts
  10 rats
63 creatures vanquished.

Vanquished Creatures (others)
  An orc wizard (D:4)
1 creature vanquished.

Grand Total: 64 creatures vanquished

Notes
Turn   | Place    | Note
--------------------------------------------------------------
     0 | D:1      | dvd the Deep Dwarf Fighter began the quest for the Orb.
     0 | D:1      | Reached XP level 1. HP: 20/20 MP: 1/1
    54 | D:1      | Reached XP level 2. HP: 22/27 MP: 2/2
   527 | D:1      | Reached XP level 3. HP: 20/33 MP: 3/3
   654 | D:2      | Reached skill level 4 in Shields
   659 | D:2      | Found Gozag's Platinum Reserve.
   661 | D:2      | Found an opulent altar of Gozag.
   884 | D:2      | Found a bloodstained altar of Trog.
   884 | D:2      | Found a shadowy altar of Dithmenos.
   888 | D:2      | Reached XP level 4. HP: 19/42 MP: 4/4
  1050 | D:2      | Found a burning altar of Makhleb.
  1074 | D:2      | Reached skill level 1 in Dodging
  1394 | D:3      | Found an ancient bone altar of Kikubaaqudgha.
  1480 | D:3      | Reached XP level 5. HP: 13/49 MP: 5/5
  1963 | D:4      | Reached skill level 5 in Shields
  1991 | D:4      | Reached XP level 6. HP: 30/56 MP: 6/6
  2002 | D:4      | Found a staircase to the Ecumenical Temple.
  2007 | Temple   | Entered the Ecumenical Temple
  2013 | Temple   | Became a worshipper of Pakellas the Inventive
  2120 | D:4      | Slain by an ogre

Skill      XL: |  1  2  3  4  5 |
---------------+----------------+-----
Fighting       | 3 |  3.4
Shields        | 4 5 |  5.0
Dodging        | 1 2 |  2.0
Armour         | 4 |  4.5
Axes           | 3 |  3.3
Stealth        | |  0.3

Action                   |  1- 3 |  4- 6 || total
-------------------------+-------+-------++-------
Melee: War axe           |   117 |   114 ||   231
Evoke: Wand              |       |     3 ||     3
  Eat: Chunk             |       |     4 ||     4
Armor: Scale mail        |    48 |    46 ||    94
Dodge: Dodged            |    52 |    40 ||    92
Block: Shield            |    80 |    73 ||   153
